 Dungeon Crawl Stone Soup version 0.26-a0-259-g1effd001a9 (webtiles) character file.

Game seed: 5864087061098596720

7 Esekla the Skirmisher (level 2, -20/24 HPs)
             Began as a Formicid Abyssal Knight on July 12, 2020.
             Was a Follower of Lugonu.
             Demolished by a large abomination (34 damage)
             ... on level 1 of the Abyss.
             The game lasted 00:01:26 (126 turns).

Esekla the Skirmisher (Formicid Abyssal Knight)      Turns: 126, Time: 00:01:26

Health: -20/24     AC:  3    Str: 16    XL:     2   Next: 5%
Magic:  3/3        EV: 11    Int: 11    God:    Lugonu [*.....]
Gold:   0          SH:  0    Dex: 10    Spells: 1/1 levels left

rFire    . . .     SeeInvis +   a - +1 falchion
rCold    . . .     Faith    .   (no shield)
rNeg     . . .     Spirit   .   b - +0 leather armour
rPois    .         Reflect  .   (helmet unavailable)
rElec    .         Harm     .   (no cloak)
rCorr    .                      (no gloves)
MR       .....                  (no boots)
Stlth    +.........             (no amulet)
HPRegen  0.08/turn              (no ring)
MPRegen  0.08/turn              (no ring)

@: no status effects
A: permanent stasis, dig shafts and tunnels, four strong arms, antennae 3
a: Dig, Shaft Self, Depart the Abyss, Renounce Religion


You were on level 1 of the Abyss.
You worshipped Lugonu.
Lugonu was aware of your devotion.
You were not hungry.

You visited 0 branches of the dungeon, and saw 0 of its levels.
You visited the Abyss 1 time.

Inventory:

Hand Weapons
 a - a +1 falchion (weapon)
Armour
 b - a +0 leather armour (worn)
Potions
 d - a potion of brilliance {unknown}
Comestibles
 c - 2 rations


   Skills:
 + Level 3.6 Fighting
 + Level 2.1 Long Blades
 + Level 2.3 Armour
 + Level 0.8 Dodging
 + Level 2.2 Invocations


You had one spell level left.
You didn't know any spells.
Your spell library was empty.

Dungeon Overview and Level Annotations

Branches:
Dungeon (0/15)

Altars:


Innate Abilities, Weirdness & Mutations

You cannot be hasted, slowed, berserked, paralysed or teleported.
You can dig through walls and to a lower floor.
Your four strong arms can wield two-handed weapons with a shield.
You have a pair of large antennae on your head. (SInv)


Message History

The white imp closely misses you.
You riposte.
You slash the white imp!
You kill the white imp!
You have reached level 2!
You enter the shallow water.
Moving in this stuff is going to be slow.
Found a scroll labeled PIUV KAUJE.
You start resting.
A large abomination comes into view.
You start resting.
You sense a monster nearby.
You extend your mandibles.
You dig through the rock wall.
You retract your mandibles.
A small abomination comes into view.
A tentacled starspawn comes into view.
Found 5 stones.
Found 2 scrolls labeled YXANA FUABBA.
The large abomination hits you!!
Ouch! That really hurt!
You die...

....... .....
#.....##.....
##............
.............
#...........
##...........
#............ #
######...@.....?.
#..#....#.xX(##.....
# . #.....##.....
##.# ##........?...
##....#X###.##..≈≈##.
#.....#...### ≈≈≈≈≈.#
#...##.##≈≈≈≈#
##X#..# ≈≈≈≈#
.######. ≈≈#


You could see a tentacled starspawn, a large abomination and a small
abomination.

Vanquished Creatures
  A white imp (Abyss:1)
1 creature vanquished.

Notes
Turn   | Place    | Note
-------+----------+-------------------------------------------
     0 | Abyss:1  | Esekla the Formicid Abyssal Knight began the quest for the
                  | Orb.
     0 | Abyss:1  | Reached XP level 1. HP: 18/18 MP: 2/2
    56 | Abyss:1  | Reached XP level 2. HP: 8/24 MP: 3/3
   107 | Abyss:1  | Noticed a large abomination
   114 | Abyss:1  | Noticed a small abomination
   116 | Abyss:1  | Noticed a tentacled starspawn
   126 | Abyss:1  | Demolished by a large abomination

Illustrated notes

Levels and vault maps discovered:
Abyss:1:  abyss_greek_temple, minivault_27, evilmike_abyss_exit_glass

Action                   || total
-------------------------++-------
Melee: Falchion          ||     3
 Abil: Dig               ||     1
Dodge: Dodged            ||     4
       Rpst.: Falchion   ||     3

Table legend:
 A = Non-vault XP
 B = Vault XP
 C = Vault XP percentage of total XP
 D = Non-vault monster count
 E = Vault monster count
 F = Vault count percentage of total count
                 A         B        C        D         E       F
            +---------+---------+-------+---------+---------+-------
      Total |      10 |       0 |   0.0 |       1 |       0 |   0.0
            +---------+---------+-------+---------+---------+-------
    Abyss:1 |      10 |       0 |   0.0 |       1 |       0 |   0.0
            +---------+---------+-------+---------+---------+-------
